AoeStats
← MatZpt

Oasis

509972793Analyzed
2v2 RM · 3d ago on Sep 28, 2026· 27m 58s· 4 players
Game mode
Random Map
Map size
Medium (4 player)
Population
200
Speed
Normal
Resources
Standard
Victory
Conquest
Starting age
Dark Age
Ending age
Imperial Age
RankedLock teamsTeams togetherTeam positionsShared explorationLock speedFull tech treeHidden civsTurbo modeCheats
Victory
Defeat
🇵🇹 Wei · Portugal
899
+14
🇵🇹 Franks · Portugal
887
+15
🇨🇱 Bulgarians · Chile
866
-15
🇲🇽 Khmer · Mexico
860
-14
KcoasRaulMx
0:38 Loom
12:58 Feudal Age
Felipunk
2:03 Loom
10:43 Feudal Age
21:54 Castle Age
21:48 Forging
MatZpt
8:19 Loom
10:35 Feudal Age
11:31 Town Watch
12:53 Double-Bit Axe
18:32 Wheelbarrow
23:19 Castle Age
21:17 Gold Mining
22:55 Stone Mining
23:29 Scale Barding Armor
23:35 Forging
23:25 Scale Mail Armor
23:16 Fletching
23:27 Padded Archer Armor
24:39 Husbandry
MenesesDoTalho
6:12 Loom
10:24 Feudal Age
11:20 Double-Bit Axe
13:24 Horse Collar
14:50 Man-at-Arms
16:38 Gold Mining
16:38 Stone Mining
21:51 Wheelbarrow
23:41 Castle Age
23:15 Padded Archer Armor
23:06 Fletching
27:32 Hand Cart
28:15 Thumb Ring
Connection lost

Rejoining the realm…

Still unreachable

The connection could not be restored.

Session expired

The server has moved on; the page needs a fresh start.